 Dungeon Crawl Stone Soup version 0.25-a0-356-g7c9d860 (webtiles) character file.

Game seed: 11554318658569183700, levelgen mode: deterministic

162 Eglamore the Covered (level 5, 0/47 HPs)
             Began as a Minotaur Fighter on Jan 3, 2020.
             Succumbed to a worker ant's poison
             ... on level 4 of the Dungeon.
             The game lasted 00:03:11 (2187 turns).

Eglamore the Covered (Minotaur Fighter)             Turns: 2187, Time: 00:03:12

Health: 0/47       AC:  8    Str: 19 (22) XL:     5   Next: 19%
Magic:  4/4        EV:  7    Int:  3 (5)  God:
Gold:   161        SH:  9    Dex:  7 (9)  Spells: 4/4 levels left

rFire    + . .     SeeInvis .   a - +0 flail
rCold    + . .     Gourm    .   c - +0 shield
rNeg     . . .     Faith    .   b - +0 scale mail
rPois    +         Spirit   .   (helmet restricted)
rElec    +         Reflect  .   (no cloak)
rCorr    +         Harm     .   (no gloves)
MR       .....                  g - +0 pair of boots (curse)
Stlth    ..........             (no amulet)
HPRegen  0.15/turn              (no ring)
MPRegen  0.09/turn              (no ring)

@: lethally poisoned (0 -> -6), resistant
A: retaliatory headbutt, horns 2
a: no special abilities


You were on level 4 of the Dungeon.
You were not hungry.

You visited 1 branch of the dungeon, and saw 4 of its levels.

You collected 161 gold pieces.

Inventory:

Hand Weapons
 a - a +0 flail (weapon)
Armour
 b - a +0 scale mail (worn)
 c - a +0 shield (worn)
 g - a cursed +0 pair of boots (worn)
Scrolls
 e - a scroll of fear {unknown}
 h - 3 scrolls of identify {unknown}
 j - a scroll of blinking {unknown}
 k - 2 scrolls of remove curse {unknown}
 p - 2 scrolls of magic mapping {unknown}
 q - a scroll of enchant weapon {unknown}
Potions
 d - a potion of might
 m - a potion of degeneration
 o - 2 potions of curing
Comestibles
 f - 6 rations
 n - a chunk of flesh


   Skills:
 + Level 4.7 Fighting
 + Level 3.8 Maces & Flails
 + Level 4.7 Armour
 + Level 4.7 Shields


You had 4 spell levels left.
You didn't know any spells.
Your spell library was empty.

Dungeon Overview and Level Annotations

Branches:
Dungeon (4/15)
 Temple: D:4-7

Altars:
Sif Muna
Trog
Wu Jian


Innate Abilities, Weirdness & Mutations

You reflexively headbutt those who attack you in melee.
You have a pair of horns on your head.


Message History

You headbutt the worker ant, but do no damage.
The worker ant is severely wounded.
The worker ant closely misses you.
You closely miss the worker ant.
The worker ant is severely wounded.
The worker ant bites you.
* * * LOW HITPOINT WARNING * * *
You are lethally poisoned!
The worker ant poisons you! The worker ant bites you.
* * * LOW HITPOINT WARNING * * *
You barely miss the worker ant. Your headbutt misses the worker ant.
The worker ant is severely wounded.
* * * LOW HITPOINT WARNING * * *
You feel sick. The worker ant bites you.
* * * LOW HITPOINT WARNING * * *
You sock the worker ant!
You kill the worker ant!
* * * LOW HITPOINT WARNING * * *
You feel sick.
You die...

####### #.....#
#.###.# #..<#.#
#..##@## #.##...##
###.....##
#.......######..
......_...........
#.#.......#.......
####.....##......#
##...## ...(...
##.## .......


There were no monsters in sight!

Vanquished Creatures
  An orc priest (D:3)
  2 worker ants (D:4)
  4 adders
  An ooze (D:2)
  A worm (D:3)
  6 orcs
  A bat (D:1)
  2 giant cockroaches (D:1)
  5 goblins
  3 hobgoblins
  4 jackals (D:2)
  2 kobolds (D:1)
  3 frilled lizards
  A rat (D:2)
36 creatures vanquished.

Notes
Turn   | Place    | Note
-------+----------+-------------------------------------------
     0 | D:1      | Eglamore the Minotaur Fighter began the quest for the Orb.
     0 | D:1      | Reached XP level 1. HP: 19/19 MP: 0/0
   376 | D:1      | Reached XP level 2. HP: 27/27 MP: 1/1
  1050 | D:2      | Reached XP level 3. HP: 27/33 MP: 2/2
  1714 | D:3      | Reached XP level 4. HP: 33/41 MP: 3/3
  1987 | D:3      | Found a shimmering blue altar of Sif Muna.
  2022 | D:3      | Found an ornate altar of the Wu Jian Council.
  2156 | D:4      | Found a bloodstained altar of Trog.
  2174 | D:4      | HP: 2/41 [worker ant (3)]
  2182 | D:4      | Reached XP level 5. HP: 10/47 MP: 4/4
  2185 | D:4      | HP: 2/47 [worker ant (2)]
  2187 | D:4      | Succumbed to a worker ant's poison

Levels and vault maps discovered:
D:1:      dpeg_arrival_castle, layout_basic, chequers_serial_rivers_small_3
D:2:      layout_basic, nicolae_overflow_hidden_temple, first_ration,
          hangedman_decor_points
D:3:      layout_rooms, led_sif_pool, lemuel_coloured_pillars_altar,
          wander_ebering_terrifying_dragon_lair
D:4:      layout_basic, lemuel_round_altar, minmay_manual_mess

Skill      XL: |  1  2 |
---------------+-------+-----
Armour         | 4 |  4.7
Fighting       | 4 |  4.7
Maces & Flails | 3 |  3.8
Shields        | 4 |  4.7

Action                   |  1- 3 |  4- 6 || total
-------------------------+-------+-------++-------
Melee: Flail             |    62 |    41 ||   103
       Headbutt          |     4 |    10 ||    14
  Use: Potion            |       |     4 ||     4
  Eat: Chunk             |     2 |     2 ||     4
Armor: Scale mail        |    31 |    20 ||    51
Dodge: Dodged            |    20 |    13 ||    33
Block: Shield            |    36 |    18 ||    54

Table legend:
 A = Non-vault XP
 B = Vault XP
 C = Vault XP percentage of total XP
 D = Non-vault monster count
 E = Vault monster count
 F = Vault count percentage of total count
                 A         B        C        D         E       F
            +---------+---------+-------+---------+---------+-------
      Total |     231 |       1 |   0.4 |      35 |       1 |   2.8
            +---------+---------+-------+---------+---------+-------
        D:1 |      16 |       0 |   0.0 |       9 |       0 |   0.0
        D:2 |      58 |       0 |   0.0 |      14 |       0 |   0.0
        D:3 |      87 |       1 |   1.1 |      10 |       1 |   9.1
        D:4 |      70 |       0 |   0.0 |       2 |       0 |   0.0
            +---------+---------+-------+---------+---------+-------
